 Dungeon Crawl Stone Soup version 0.31-a0-45-g5f0c076935 (webtiles) character file.

Game seed: 7995824890311875

37 Jeffwins the Gusty (level 3, 0/22 HPs)
             Began as an Octopode Air Elementalist on May 21, 2023.
             Slain by a jackal (1 damage)
             ... on level 2 of the Dungeon.
             The game lasted 00:03:05 (1069 turns).

Jeffwins the Gusty (Octopode Air Elementalist)      Turns: 1069, Time: 00:03:06

Health: 0/22       AC:  1    Str:  6    XL:     3   Next: 41%
Magic:  0/6        EV: 13    Int: 18    God:
Gold:   76         SH:  0    Dex: 16    Spells: 3/6 levels left

rFire   + . .        (no weapon)
rCold   + . .        (no shield)
rNeg    . . .        (helmet restricted)
rPois   +            (no amulet)
rElec   +            (no ring)
rCorr   +            (no ring)
SInv    .            (no ring)
Will    +....        (no ring)
Stlth   +++          (no ring)
HPRegen 0.23/turn    (no ring)
MPRegen 0.10/turn    (no ring)
                     (no ring)

%: no passive effects
@: lethally poisoned (0 -> -4), resistant
A: almost no armour, amphibious, 8 rings, camouflage 1, gelatinous body 1,
(nimble swimmer 1), tentacles, tentacle spike 1, agile 1, strong-willed 1,
evolution 1
a: no special abilities


You were on level 2 of the Dungeon.
You visited 1 branch of the dungeon, and saw 2 of its levels.

You collected 76 gold pieces.


Innate Abilities, Weirdness & Mutations

You cannot wear most types of armour.
You are amphibious.
You can wear up to eight rings at the same time.
Your skin changes colour to match your surroundings (Stealth+).
Your rubbery body absorbs attacks. (AC +1, EV +1)
((You are camouflaged when in or above water. (Stealth+)))
You have tentacles for arms and can constrict up to eight enemies at once.
One of your tentacles bears a spike.
You are agile. (Dex +4, Str/Int -1)
You are strong-willed. (Will+)
You have hidden genetic potential.


   Skills:
 + Level 0.7 Fighting
 + Level 2.2 Dodging
 + Level 3.0 Stealth
 * Level 2.3 Spellcasting
 * Level 1.7 Conjurations
 * Level 3.3 Air Magic


You had 3 spell levels left.
You knew the following spells:

 Your Spells              Type           Power      Damage    Failure   Level
x - Static Discharge      Conj/Air       22%        2-3/arc   10%         2
z - Shock                 Conj/Air       44%        1d5       6%          1

Your spell library contained the following spells:

 Spells                   Type           Power      Damage    Failure   Level
 Swiftness                Air            14%        N/A       13%         3
 Airstrike                Air            7%         2d(1-17)  41%         4

Inventory:

Missiles
 f - 7 poisoned darts
Wands
 h - a wand of paralysis (8)
Scrolls
 g - 3 scrolls of teleportation {unknown}
 i - a scroll of amnesia {unknown}
Potions
 a - a potion of magic
 c - a potion of degeneration {unknown}
 e - a potion of brilliance {unknown}

Dungeon Overview and Level Annotations

Branches:
Dungeon (2/15)

Altars:

..# ####.. .### .#...#.#
...# ...#...###w .#.#
#.#.. ... .#.# #...##.#
.... #..#[.# ### #.#.#
##....####....
#.#.#######..........##
#.....#...$....h@†....#
###.....##...#..#####...
####....#....##..#
...#....#...####.#
...........## ..#
#...#..##..# #...
.##.#.#....# ####
..#.....##.# #.......#
.#


You could see a jackal.


Message History

The zap misses the adder.
The jackal barks!
You feel sick. The adder bites you.
* * * LOW HITPOINT WARNING * * *
You are lethally poisoned!
The adder poisons you!
Casting: Shock (safe; 6% risk of failure)
Confirm with . or Enter, or press ? or * to list all spells.
Aiming: Shock (safe; 6% risk of failure)
Press: ? - help, Shift-Dir - straight line, f/p - adder
Aim: an adder (almost dead, 48% to hit)
The zap hits the adder.
You kill the adder!
* * * LOW HITPOINT WARNING * * *
You feel sick.
Your Stealth skill increases to level 3!
Unknown command.
It was a potion of resistance.
You feel protected.
* * * LOW HITPOINT WARNING * * *
You feel sick.
Unknown command.
It was a potion of mutation.
You feel extremely strange.
You feel agile.
You feel a hidden potential growing inside you.
You feel strong-willed.
One of your lower tentacles grows a sharp spike.
* * * LOW HITPOINT WARNING * * *
You feel sick. The jackal bites you.
You die...

Skill      XL: |  1  2  3 |
---------------+----------+-----
Stealth        | 3 |  3.0
Fighting       | |  0.7
Dodging        | |  2.2
Spellcasting   | |  2.3
Conjurations   | |  1.7
Air Magic      | |  3.3

Action                     || total
---------------------------++-------
  Melee: Unarmed           ||    31
         Constrict         ||    13
         Tentacles         ||     9
         Punch             ||     1
   Cast: Shock             ||    31
         Static Discharge  ||     4
    Use: Potion            ||     2
   Stab: Sleeping          ||     6
         Distracted        ||     1
 Armour: Skin              ||     6
  Dodge: Dodged            ||    37

Levels and vault maps discovered:
D:1:      dpeg_arrival_boxorama, layout_rooms
D:2:      layout_rooms, hellmonk_ecumenical_altar_run_dry

Notes
Turn   | Place    | Note
-------+----------+-------------------------------------------
     0 | D:1      | Jeffwins the Octopode Air Elementalist began the quest for
                  | the Orb.
     0 | D:1      | Reached XP level 1. HP: 11/11 MP: 3/3
   173 | D:1      | Reached XP level 2. HP: 17/17 MP: 0/5
   239 | D:1      | Learned a level 2 spell: Static Discharge
   876 | D:2      | Reached XP level 3. HP: 22/22 MP: 3/6
   879 | D:2      | Found a faded altar of an unknown god.
   879 | D:2      | Noticed a black bear
  1068 | D:2      | Reached skill level 3 in Stealth
  1068 | D:2      | Identified a potion of resistance
  1068 | D:2      | HP: 2/22 [poisoned by an adder]
  1069 | D:2      | Gained mutation: You are agile. (Dex +4, Str/Int -1)
                  | [potion of mutation]
  1069 | D:2      | Gained mutation: You have hidden genetic potential. [potion
                  | of mutation]
  1069 | D:2      | Gained mutation: You are strong-willed. (Will+) [potion of
                  | mutation]
  1069 | D:2      | Gained mutation: One of your tentacles bears a spike.
                  | [potion of mutation]
  1069 | D:2      | Slain by a jackal

Vanquished Creatures
  An adder (D:2)
  An endoplasm (D:2)
  2 giant cockroaches
  3 goblins (D:1)
  3 hobgoblins (D:1)
  A jackal (D:1)
  2 quokkas
  4 ball pythons
  2 bats
  2 frilled lizards (D:1)
  A kobold (D:2)
  5 rats
27 creatures vanquished.

Table legend: (Time is in decaauts)
 A = Elapsed time spent in this place.
 B = Non-inter-level travel time spent in this place.
 C = Inter-level travel time spent in this place.
 D = Time resting spent in this place.
 E = Time spent auto-exploring this place.
 F = Levels seen in this place.
 G = Mean time per level.
                   A        B        C        D        E       F      G
               +--------+--------+--------+--------+--------+-----+--------+
         Total |   1069 |   1047 |     22 |     33 |    805 |   2 |  534.5 |
       Dungeon |   1069 |   1047 |     22 |     33 |    805 |   2 |  534.5 |
               +--------+--------+--------+--------+--------+-----+--------+

Top non-repeatable levels by time:
     D:1: 861 daAuts
     D:2: 207 daAuts

Table legend:
 A = Non-vault XP
 B = Vault XP
 C = Vault XP percentage of total XP
 D = Non-vault monster count
 E = Vault monster count
 F = Vault count percentage of total count
                 A         B        C        D         E       F
            +---------+---------+-------+---------+---------+-------
      Total |      54 |       0 |   0.0 |      27 |       0 |   0.0
            +---------+---------+-------+---------+---------+-------
        D:1 |      29 |       0 |   0.0 |      19 |       0 |   0.0
        D:2 |      25 |       0 |   0.0 |       8 |       0 |   0.0
            +---------+---------+-------+---------+---------+-------
